 Dungeon Crawl Stone Soup version 0.31-a0-662-g684573625c (webtiles) character file.

Game seed: 2465771976899548143

1618540 Xenophilius the Acrobat (level 26, 144/144 HPs)
             Began as a Spriggan Hedge Wizard on Sept 1, 2023.
             Was an Initiate of Gozag.
             Escaped with the Orb
             ... and 4 runes on Sept 3, 2023!
             The game lasted 12:47:26 (132567 turns).

Xenophilius the Acrobat (Spriggan Hedge Wizard)   Turns: 132567, Time: 12:47:27

Health: 144/144    AC: 12    Str: 11    XL:     26   Next: 0%
Magic:  47/47      EV: 58    Int: 25    God:    Gozag
Gold:   19340      SH: 12    Dex: 36    Spells: 10/63 levels left

rFire   + . .        w - +5 dagger of Iwabbad {freeze, rElec rN++ Will+ Dex-3}
rCold   + + .        A - +3 buckler {AC+3}
rNeg    + + +        B - +3 troll leather armour of the Akabeko {Regen+ Dex+4}
rPois   +            q - +2 hat {Will+}
rElec   +            p - scarf "Pufyra Uceg" {rC+ rF+, Drain rN++ rCorr Stlth-}
rCorr   +            (gloves unavailable)
SInv    +            (boots unavailable)
Will    +++++        I - macabre finger necklace {Finger+ rN+}
Stlth   +++          x - ring "Ugguqie" {rPois Str+5 Dex+6, =R}
HPRegen 1.24/turn    i - +6 ring of dexterity
MPRegen 0.30/turn    C - ring of the Will of the Gods {Dex+6 SInv}

%: clarity
@: studying 4 skills, very quick
A: very small, no large weapons, unfitting armour, see invisible, speed 3,
talons 1, clarity, cold resistance 1
0: Orb of Zot
}: 4/15 runes: decaying, slimy, abyssal, gossamer
a: Renounce Religion, Potion Petition, Call Merchant, Bribe Branch


You escaped.
You worshipped Gozag.
Gozag was extremely pleased with you.
You visited 11 branches of the dungeon, and saw 55 of its levels.
You visited the Abyss 1 time.
You also visited: Ice Cave.

You collected 29064 gold pieces.
You spent 8127 gold pieces at shops.
You paid 1597 gold pieces to Gozag.

Inventory:

Hand Weapons
 a - the +8 autumn katana {manifold assault}
   (You took it off an ironbound preserver on level 1 of the Vaults)
 b - a +9 quick blade of venom
 w - the +5 dagger of Iwabbad (weapon) {freeze, rElec rN++ Will+ Dex-3}
   (You bought it in a shop on level 3 of the Elven Halls)

   Dex-3:     It affects your dexterity (-3).
   rElec:     It insulates you from electricity.
   rN++:      It greatly protects you from negative energy.
   Will+:     It increases your willpower.
Missiles
 f - 23 curare-tipped darts (quivered)
 t - 3 throwing nets
 N - 12 atropa-tipped darts
Armour
 p - the scarf "Pufyra Uceg" (worn) {rC+ rF+, Drain rN++ rCorr Stlth-}
   (You acquired it on level 3 of the Depths)

   rN++:      It greatly protects you from negative energy.
   rCorr:     It protects you from acid and corrosion.
   Drain:     It drains your maximum health when unequipped.
   Stlth-:    It makes you less stealthy.
 q - a +2 hat of willpower (worn)
 A - a +3 buckler of protection (worn)
 B - the +3 troll leather armour of the Akabeko (worn) {Regen+ Dex+4}
   (You bought it in a shop on level 2 of the Depths)

   Dex+4:     It affects your dexterity (+4).
   Regen+:    It increases your rate of health regeneration.
 D - the +4 dragonskin cloak
   (You took it off Tiamat on level 2 of the Realm of Zot)

   Avatar's Aegis: It grants the wearer a chance to resist fire, cold, poison,
   electricity, acid, and negative energy.
Jewellery
 i - a +6 ring of dexterity (right hand)
 x - the ring "Ugguqie" (left hand) {rPois Str+5 Dex+6, =R}
   (You took it off a deep elf pyromancer on level 1 of the Elven Halls)

   [ring of dexterity]

   Str+5:     It affects your strength (+5).
   Dex+6:     It affects your dexterity (+6).
   rPois:     It protects you from poison
 C - the ring of the Will of the Gods (on amulet) {Dex+6 SInv}
   (You took it off a deep elf sorcerer on level 3 of the Elven Halls)

   [ring of dexterity]

   Dex+6:     It affects your dexterity (+6).
   SInv:      It lets you see invisible.
 I - the macabre finger necklace (around neck) {Finger+ rN+}
   (You found it on level 3 of the Depths)

   [amulet of nothing]

   Finger+:   It enables you to equip an extra ring.
   rN+:       It protects you from negative energy.
 J - the ring of the Equinox {rPois rF+ Str+6 Int+3}
   (You found it on level 13 of the Dungeon)

   [ring of strength]

   Str+6:     It affects your strength (+6).
   Int+3:     It affects your intelligence (+3).
   rF+:       It protects you from fire.
   rPois:     It protects you from poison
 U - a ring of flight
Wands
 E - a wand of mindburst (8)
 K - a wand of charming (33)
 L - a wand of acid (21)
 O - a wand of iceblast (34)
 P - a wand of digging (6)
 T - a wand of flame (107)
Scrolls
 g - 12 scrolls of revelation
 j - 5 scrolls of torment
 k - 12 scrolls of vulnerability
 m - 10 scrolls of fear
 o - 14 scrolls of teleportation
 r - 3 scrolls of butterflies
 y - 9 scrolls of blinking
 F - a scroll of acquirement
 G - 8 scrolls of fog
 S - 4 scrolls of silence
 Y - 8 scrolls of poison
Potions
 c - 7 potions of enlightenment
 d - 4 potions of magic
 e - 22 potions of curing
 h - 11 potions of might
 l - 19 potions of heal wounds
 n - 17 potions of mutation
 s - 16 potions of cancellation
 u - 5 potions of invisibility
 v - 7 potions of haste
 z - 7 potions of berserk rage
 M - 9 potions of ambrosia
 Q - 6 potions of resistance
 R - 8 potions of lignification
 W - 11 potions of brilliance
Miscellaneous
 X - a lightning rod (4/4)
 Z - a phial of floods


   Skills:
 + Level 16.5 Fighting
 - Level 8.0(11.4) Short Blades
 - Level 10.0(10.7) Long Blades
 - Level 8.0 Armour
 + Level 25.7 Dodging
 - Level 20.1 Stealth
 - Level 9.3 Shields
 - Level 19.0 Spellcasting
 - Level 5.0 Conjurations
 - Level 13.0 Hexes
 - Level 11.0 Summonings
 - Level 24.0 Translocations
 - Level 3.0 Transmutations
 - Level 12.0 Ice Magic
 - Level 8.0 Air Magic
 - Level 1.0 Earth Magic
 - Level 5.0 Poison Magic
 - Level 10.0 Evocations
 - Level 7.0 Shapeshifting


You had 10 spell levels left.
You knew the following spells:

 Your Spells              Type           Power      Damage    Failure   Level
a - Apportation           Tloc           100%       N/A       0%          1
c - Freezing Cloud        Conj/Ice/Air   30%        6-21      3%          5
g - Passage of Golubria   Tloc           97%        N/A       0%          4
w - Passwall              Tmut/Erth      27%        N/A       1%          2
B - Blink                 Tloc           100%       N/A       0%          2
F - Cause Fear            Hex            36%        N/A       1%          4
G - Malign Gateway        Summ/Tloc      42%        N/A       1%          7
J - Disjunction           Tloc           48%        N/A       1%          8
M - Iskenderun's Mystic   Conj/Tloc      77%        2d15      1%          4
O - Ozocubu's Armour      Ice            70%        N/A       1%          3
Q - Silence               Hex/Air        33%        N/A       1%          5
T - Confusing Touch       Hex            73%        N/A       1%          3
V - Summon Mana Viper     Hex/Summ       70%        N/A       1%          5

Your spell library contained the following spells:

 Spells                   Type           Power      Damage    Failure   Level
 Slow                     Hex            100%       N/A       0%          1
 Lesser Beckoning         Tloc           100%       N/A       0%          2
 Momentum Strike          Conj/Tloc      100%       3d10      0%          2
 Gell's Gravitas          Tloc           97%        N/A       0%          3
 Portal Projectile        Hex/Tloc       100%       N/A       0%          3
 Teleport Other           Tloc           97%        N/A       0%          3
 Manifold Assault         Tloc           97%        N/A       0%          4
 Foxfire                  Conj/Fire      100%       2x1d9     1%          1
 Kiss of Death            Conj/Necr      100%       2d13      1%          1
 Magic Dart               Conj           100%       1d8       1%          1
 Sandblast                Erth           56%        2d13      1%          1
 Summon Small Mammal      Summ           100%       N/A       1%          1
 Call Imp                 Summ           100%       N/A       1%          2
 Cigotuvi's Dreadful Rot  Necr/Pois/Air  90%        N/A       1%          2
 Poisonous Vapours        Pois/Air       100%       N/A       1%          2
 Searing Ray              Conj           96%        2d7       1%          2
 Wereblood                Tmut           38%        N/A       1%          2
 Call Canine Familiar     Summ           68%        N/A       1%          3
 Dazzling Flash           Conj/Hex       100%       N/A       1%          3
 Frozen Ramparts          Ice            100%       1d16      1%          3
 Hailstorm                Conj/Ice       60%        3d13      1%          3
 Inner Flame              Hex/Fire       54%        N/A       1%          3
 Mephitic Cloud           Conj/Pois/Air  52%        N/A       1%          3
 Summon Guardian Golem    Hex/Summ       70%        N/A       1%          3
 Tukima's Dance           Hex            73%        N/A       1%          3
 Volatile Blastmotes      Fire/Tloc      100%       2d18      1%          3
 Fulminant Prism          Conj/Hex       31%        3d15      1%          4
 Leda's Liquefaction      Hex/Erth       28%        N/A       1%          4
 Summon Ice Beast         Ice/Summ       69%        N/A       1%          4
 Metabolic Englaciation   Hex/Ice        36%        N/A       1%          5
 Summon Forest            Summ/Tloc      42%        N/A       1%          5
 Dispersal                Tloc           48%        N/A       1%          6
 Stone Arrow              Conj/Erth      76%        3d11      2%          3
 Animate Armour           Summ/Erth      100%       N/A       2%          4
 Necrotise                Necr           92%        1d8       3%          1
 Ignite Poison            Fire/Tmut/Pois 37%        N/A       3%          3
 Yara's Violent Unravell  Hex/Tmut       29%        3d12      3%          5
 Scorch                   Fire           46%        2d6       4%          2
 Sublimation of Blood     Necr           23%        N/A       4%          2
 Olgreb's Toxic Radiance  Pois           48%        N/A       4%          4
 Summon Cactus Giant      Summ           34%        N/A       5%          6
 Arcjolt                  Conj/Air       27%        1d37      6%          5
 Vampiric Draining        Necr           23%        2d7       10%         3
 Flame Wave               Conj/Fire      36%        2d10      11%         4
 Sticky Flame             Conj/Fire      36%        2d6       11%         4
 Iskenderun's Battlesphe  Conj           48%        2d10      11%         5
 Enfeeble                 Hex            36%        N/A       13%         7
 Petrify                  Tmut/Erth      33%        N/A       14%         4
 Irradiate                Conj/Tmut      21%        3d18      17%         5
 Ozocubu's Refrigeration  Ice            35%        4d15      19%         7
 Summon Hydra             Summ           34%        N/A       28%         7
 Dispel Undead            Necr           23%        3d12      30%         4
 Fireball                 Conj/Fire      18%        3d9       30%         5
 Agony                    Necr           23%        N/A       65%         5
 Eringya's Noxious Bog    Tmut/Pois      21%        4d6       67%         6
 Spellforged Servitor     Conj/Summ      29%        N/A       69%         7
 Discord                  Hex            36%        N/A       69%         8
 Starburst                Conj/Fire      18%        6d7       86%         6
 Summon Horrible Things   Summ           34%        N/A       92%         8
 Haunt                    Necr/Summ      25%        N/A       95%         7
 Orb of Destruction       Conj           24%        9d9       98%         7
 Borgnjor's Revivificati  Necr           11%        N/A       100%        8
 Ignition                 Fire           11%        3d5       100%        8
 Maxwell's Capacitive Co  Air            29%        ∞         100%        8
 Death's Door             Necr           11%        N/A       100%        9
 Dragon's Call            Summ           34%        N/A       100%        9
 Simulacrum               Ice/Necr       Unusable   N/A       N/A         6

Dungeon Overview and Level Annotations

Branches:
Dungeon (15/15)            Temple (0/1) D:5            Lair (5/5) D:8
  Swamp (4/4) Lair:3       Spider (4/4) Lair:2        Slime (5/5) Lair:5
    Orc (2/2) D:12            Elf (3/3) Orc:2        Vaults (5/5) D:13
  Crypt (3/3) Vaults:3       Tomb (0/3) Crypt:3      Depths (4/4) D:15
    Zot (5/5) Depths:4      IceCv (visited)

Altars:
Ashenzari
Cheibriados
Elyvilon
Fedhas
Gozag
Hepliaklqana
Kikubaaqudgha
Makhleb
Sif Muna
Trog
Vehumet
Xom
Yredelemnul
Zin
Jiyva

Shops:
D:3 :   D:12 :   Orc:1 =*([   Orc:2 **:   Elf:1 *   Elf:3 (   Vaults:1 *
Depths:2 [!([?

Portals:
Hell: Depths:1 Depths:2 Depths:3 Depths:4
Abyss: Depths:1 Depths:3
Pandemonium: Depths:2 Depths:4
Ziggurat: Depths:3
Trove: Vaults:1 (give +2 gold dragon scales)

Annotations:
Elf:1 exclusion: 2 doors
Elf:2 3 runed translucent doors, exclusion: 3 doors
Vaults:4 exclusion: 3 downstairs
Crypt:2 2 transporters
Zot:1 2 transporters, Ge0ff's ghost, legendary DEWr
Zot:4 2 transporters, Armakuni's ghost, legendary HuAr


Innate Abilities, Weirdness & Mutations

You are very small and have problems with some larger weapons.
You are too small for most types of armour.
You have supernaturally acute eyesight. (SInv)
You cover ground extremely quickly. (Speed+++)
You have sharp toenails.
You possess an exceptional clarity of mind.
Your flesh is cold resistant. (rC+)


Message History

The demonspawn warmonger unwields a +1 great mace of protection.
The demonspawn warmonger wields a +1 antimagic triple crossbow.
The demonspawn warmonger shoots a bolt.
You block the bolt.
The demonspawn warmonger unwields a +4 glaive of venom.
It stops dripping with poison.
The demonspawn warmonger wields a +2 arbalest of flaming.
It bursts into flame!
The demonspawn warmonger shoots a bolt.
The bolt completely misses you.
You continue meditating on the rock.
You finish merging with the rock.
Unknown command.
You feel clumsy.
The +5 dagger of Iwabbad {freeze, rElec rN++ Will+ Dex-3} glows with a cold blue light!
w - the +5 dagger of Iwabbad (weapon)
{freeze, rElec rN++ Will+ Dex-3}
Casting: Passwall (safe; 1% risk of failure)
Confirm with . or Enter, or press ? or * to list all spells.
Aiming: Passwall (safe; 1% risk of failure)
Press: ? - help, Dir - move target A rock wall.
This square is covered in magical glow.
You begin to meditate on the wall.
You continue meditating on the rock. x3
You finish merging with the rock.
What level of the Dungeon? (default 1, ? - help)
You climb upwards.
Magic restored.
There is a stone staircase leading down here.
There is a stone staircase leading up here.
You climb upwards.
There is a stone staircase leading down here.
There is a stone staircase leading up here.
You climb upwards.
There is a stone staircase leading down here.
You see here a +0 dagger.
You see here a +0 dagger.
There is an escape hatch in the ceiling here.
A mysterious force pulls you upwards. The hatch slams shut behind you.
There is an escape hatch in the floor here.
There is an open door here.
There is an open gate here.
There is a staircase leading out of the dungeon here.
You have escaped!

#.# #.###.##.############# #.#
#[.....#.# ♣♣♣♣♣♣ ♣♣♣ #.#
#####..#'############# #.#
#...#.............. ###.####
#...#.............. #......#
##..#..##......##..
#......#♣♣####..##......##..
###.#..#♣.#..'..............
#.#.##♣.#@.'..............
#....#♣.#..'..............
###.##♣♣####..##......##..
##########..## #.#..##......##..
.............# #.#..............
######.##.#######.#..............
..................#..############
######'#######..#.#⌠⌠# ♣♣♣♣.♣ ♣♣♣
#.# #..#.#### ♣♣♣


There were no monsters in sight!

Vanquished Creatures
  the Royal Jelly (Slime:5)
  An orb of fire (Zot:1)
  2 ancient liches (Zot:5)
  A royal mummy (Crypt:2)
  A Killer Klown (Zot:5)
  Margery (Vaults:3)
  5 golden dragons
  3 electric golems
  11 tentacled monstrosities
  3 Orb Guardians (Zot:5)
  2 quicksilver dragons
  A deep elf master archer (Elf:3)
  7 death cobs
  A deep elf blademaster (Elf:3)
  4 sphinxes
  A kraken (Abyss:3)
  8 acid blobs
  An eldritch tentacle (Zot:2)
  Kirke (Spider:3)
  Gastronok (D:11)
  A thorn hunter (Swamp:4)
  3 tengu reavers
  7 storm dragons
  Donald (Spider:3)
  3 draconian monks
  8 rockslimes
  6 azure jellies
  A draconian knight (Depths:4)
  4 fire giants
  4 frost giants
  7 deep elf sorcerers
  9 vault wardens
  7 emperor scorpions (Spider:4)
  A deep elf elementalist (Elf:3)
  5 ghost moths
  2 ghouls (Swamp:2)
  An orc warlord (Orc:1)
  3 draconian shifters
  12 ironbound preservers
  A draconian annihilator (Zot:4)
  A formless jellyfish (Vaults:2)
  16 very ugly things
  8 stone giants
  3 vampire knights
  13 quicksilver oozes
  3 ironbound thunderhulks (Vaults:3)
  4 red draconians
  A green draconian (Zot:1)
  6 eleionomae
  3 deep elf demonologists (Elf:3)
  3 purple draconians
  4 white draconians
  4 yellow draconians
  2 spark wasps (Spider:2)
  5 black draconians
  5 deep elf annihilators
  A minotaur (shapeshifter) (D:15)
  A blizzard demon (Abyss:3)
  7 dire elephants
  An eidolon (Crypt:1)
  4 deep elf death magi
  7 jiangshi
  2 deep elf high priests
  A shambling mangrove (Swamp:4)
  7 ettins
  6 fire dragons
  10 vault guards
  A peacekeeper (Vaults:4)
  10 ice dragons
  A fenstrider witch zombie (Swamp:3)
  2 rakshasas
  10 yaktaur captains
  9 great orbs of eyes
  2 ghost crabs
  13 hydras
  7 spriggan air magi
  2 entropy weavers
  9 ironbound frosthearts
  An ogre mage (D:11)
  7 centaur warriors
  A death knight (Crypt:1)
  9 dancing weapons
  A sphinx zombie (Crypt:2)
  6 alligators
  4 two-headed ogres
  A radroach (Spider:4)
  7 tengu warriors
  8 boulder beetles
  6 deep troll shamans
  10 deep troll earth magi
  10 demonic crawlers
  6 vampire magi
  10 deep elf knights
  4 spriggan berserkers
  11 hell knights
  A fire crab (shapeshifter) (D:15)
  A salamander mystic (Depths:2)
  8 skeletal warriors
  3 goliath frogs
  2 shadow wraiths
  4 pharaoh ants
  5 iron trolls
  4 flayed ghosts
  A skyshark (Lair:2)
  The ghost of DEFE the Thaumaturge, a novice DESh of Vehumet (D:9)
  A sun moth (Spider:1)
  21 deep elf archers
  44 deep trolls
  2 orb spiders
  4 glowing orange brains
  An obsidian statue (Vaults:4)
  7 wizards
  10 ironbound convokers
  A swamp dragon (shapeshifter) (Elf:3)
  An orb spider (shapeshifter) (Vaults:1)
  A spriggan druid (Swamp:4)
  7 swamp dragons
  5 bog bodies
  6 lindwurms
  4 necromancers
  9 steelbarb worms
  9 phantasmal warriors
  18 deep elf pyromancers
  2 orc knights (Orc:2)
  6 spectral spriggans (Swamp:2)
  28 deep elf zephyrmancers
  3 oklob plants (Lair:4)
  8 wolf spiders
  A manticore (D:15)
  4 orc sorcerers
  A rust devil (D:9)
  5 cyclopes
  3 salamanders (Depths:2)
  17 moths of wrath
  28 ugly things
  A will-o-the-wisp (Swamp:2)
  A human zombie (Vaults:3)
  5 elephants (Lair:2)
  A fire giant skeleton (Crypt:1)
  A molten gargoyle (Depths:2)
  2 black mambas
  12 vault sentinels
  Maurice (D:9)
  4 eyes of devastation
  2 gargoyles (D:12)
  3 torpor snails
  A smoke demon (D:14)
  6 cane toads
  An orange demon (Depths:4)
  A rime drake (Lair:5)
  2 kobold demonologists
  A torpor snail (shapeshifter) (Vaults:4)
  2 efreet
  A yellow draconian zombie (Crypt:3)
  7 yaktaurs
  5 tengu conjurers
  A sea snake skeleton (Crypt:2)
  A queen bee (D:13)
  A mana viper zombie (Crypt:1)
  4 freezing wraiths
  3 golden dragon simulacra (IceCv)
  6 guardian mummies (Crypt:3)
  7 hornets
  A bloated husk (Swamp:2)
  A death drake zombie (Swamp:3)
  5 trolls
  21 tarantellas
  11 tyrant leeches
  2 polar bears
  8 blink frogs
  5 meliai
  A death drake skeleton (Swamp:3)
  A dream sheep (shapeshifter) (Elf:1)
  5 dream sheep (Lair:5)
  41 slime creatures
  15 jumping spiders
  3 air elementals
  61 yaks
  A centaur simulacrum (D:15)
  A shadow (D:11)
  6 wyverns
  Eustachio (D:5)
  A wraith (Crypt:3)
  A black mamba zombie (Crypt:1)
  12 culicivoras
  14 spriggans
  3 fire elementals
  3 basilisks
  3 golden eyes (Slime:4)
  2 humans (Spider:4)
  15 redbacks
  3 steam dragons
  A neqoxec (Depths:4)
  14 vampire mosquitoes
  12 wargs
  12 swamp worms
  A hell hound (D:11)
  11 water moccasins
  A floating eye (shapeshifter) (Depths:3)
  2 floating eyes
  An ice beast (D:7)
  A merfolk skeleton (Crypt:3)
  A glowing shapeshifter skeleton (Vaults:3)
  8 swamp drakes
  27 orc warriors
  4 ice dragon simulacra (IceCv)
  2 sky beasts
  3 black bears
  An ogre (Orc:1)
  26 wolves
  6 boggarts
  21 centaurs
  A lindwurm skeleton (Crypt:2)
  14 bullfrogs
  13 kobold brigands
  6 gnoll sergeants (D:11)
  An earth elemental (Elf:2)
  6 scorpions
  A human simulacrum (Vaults:3)
  A polar bear zombie (Crypt:2)
  7 lindwurm simulacra (IceCv)
  8 killer bees
  5 howler monkeys
  An electric eel (D:8)
  A wolf skeleton (Crypt:1)
  3 jellies (Lair:5)
  A quasit (D:10)
  An iron imp (D:10)
  4 hounds
  12 orc priests
  4 gnoll boudas
  2 sleepcaps (D:5)
  Crazy Yiuf (D:4)
  3 iguanas
  Ijyb (D:4)
  17 orc wizards
  7 hell rats (Lair:1)
  A hound zombie (Crypt:1)
  A tengu skeleton (Crypt:3)
  8 mummies
  7 adders
  3 gnolls
  2 white imps
  2 ufetubi
  8 worms
  4 dart slugs
  64 orcs
  7 endoplasms
  3 giant cockroaches
  9 goblins
  7 hobgoblins
  6 jackals
  4 quokkas
  5 ball pythons
  4 bats
  5 frilled lizards
  13 kobolds
  7 rats
  A tentacle (Abyss:3)
1502 creatures vanquished.

Vanquished Creatures (collateral kills)
  2 dread liches
  Tiamat (Zot:2)
  Khufu (Crypt:2)
  Mara (Swamp:3)
  An orb of fire (Zot:5)
  5 ancient liches (Zot:5)
  A royal mummy (Crypt:2)
  Josephina (Crypt:1)
  Frederick (Crypt:2)
  3 Killer Klowns
  2 curse toes
  Bai Suzhen (Crypt:2)
  4 golden dragons
  Arachne (Spider:4)
  Nikola (Spider:4)
  2 bone dragons
  2 doom hounds (Zot:2)
  3 electric golems
  The ghost of Boysiah the Eclecticist, an adept DECA of Ignis (Depths:3)
  5 tentacled monstrosities
  21 Orb Guardians (Zot:5)
  6 liches
  A sphinx (Depths:3)
  Grunn (Zot:2)
  A walking divine tome (Depths:4)
  A deep elf blademaster (Elf:3)
  A quicksilver dragon (Zot:1)
  5 death cobs
  7 acid blobs
  10 ancient champions
  2 tengu reavers (Depths:3)
  A shadow dragon (Zot:2)
  5 storm dragons
  5 draconian monks
  A draconian knight (Zot:2)
  8 azure jellies (Slime:5)
  3 deep elf sorcerers (Elf:3)
  A fire giant (Depths:4)
  A revenant (Crypt:3)
  A vault warden (Vaults:4)
  A deep elf elementalist (Elf:3)
  2 draconian scorchers (Zot:2)
  3 ghost moths
  3 curse skulls
  4 ghouls
  A draconian stormcaller (Zot:3)
  An ironbound preserver (Vaults:4)
  A draconian annihilator (Zot:2)
  7 very ugly things
  5 draconian shifters
  3 quicksilver oozes
  4 stone giants
  A war gargoyle (Vaults:4)
  A juggernaut skeleton (Crypt:3)
  A spriggan defender (Depths:4)
  2 broodmothers
  2 deep elf demonologists (Elf:3)
  3 green draconians
  5 deep elf annihilators (Elf:3)
  5 yellow draconians
  3 vampire knights
  A bunyip (Swamp:2)
  A dire elephant (Vaults:3)
  4 white draconians
  5 purple draconians
  11 black draconians
  6 red draconians
  2 ettins
  4 eidola
  6 spark wasps (Depths:4)
  5 crystal guardians
  2 great orbs of eyes (Vaults:4)
  5 deep elf death magi
  2 mummy priests (Crypt:3)
  14 jiangshi
  A fire dragon (Depths:3)
  An entropy weaver (Spider:4)
  3 deep elf high priests
  2 yaktaur captains
  A fenstrider witch zombie (Crypt:1)
  6 ice dragons
  A vault guard (D:13)
  Harold (D:11)
  13 hydras
  A spriggan zombie (Crypt:3)
  2 centaur warriors
  A rakshasa (Depths:3)
  A boulder beetle (Spider:4)
  A spriggan air mage (Depths:4)
  2 peacekeepers
  2 ghost crabs
  An alligator (Swamp:2)
  A two-headed ogre (D:12)
  A death knight (Crypt:3)
  3 tengu warriors
  A radroach (Spider:4)
  2 dancing weapons
  An orc high priest (Elf:1)
  2 demonic crawlers
  3 vampire magi
  4 spriggan berserkers (Depths:4)
  A fire crab (Abyss:3)
  27 skeletal warriors
  A skyshark (Lair:5)
  An iron giant zombie (Crypt:2)
  A goliath frog (Swamp:1)
  A soul eater (Crypt:3)
  2 sun moths (Spider:3)
  3 shadow wraiths (Crypt:3)
  5 pharaoh ants
  A spriggan druid (Swamp:4)
  2 deep trolls
  2 glowing orange brains
  3 orb spiders
  7 bog bodies
  3 flayed ghosts
  4 swamp dragons
  2 spriggan simulacra (Crypt:1)
  2 wizards
  An orange crystal statue (IceCv)
  5 steelbarb worms
  An alligator zombie (Crypt:2)
  2 necromancers
  2 deep elf pyromancers
  2 phantasmal warriors (Crypt:3)
  An orc sorcerer (Orc:1)
  3 orc knights
  12 ugly things
  3 will-o-the-wisps (Swamp:1)
  3 wolf spiders
  A cyclops (D:8)
  A stone giant zombie (Crypt:1)
  3 shining eyes
  3 spectral spriggans (Swamp:2)
  A rust devil (Depths:4)
  5 moths of wrath
  An apocalypse crab (Abyss:3)
  A dire elephant zombie (Crypt:1)
  2 ice statues (Spider:3)
  A centaur zombie (Crypt:3)
  4 black mambas
  An eye of devastation (Slime:4)
  7 torpor snails
  7 cane toads
  A storm dragon simulacrum (IceCv)
  2 dire elephant skeletons
  An unseen horror (D:13)
  2 centaur skeletons (Crypt:3)
  2 komodo dragons
  3 freezing wraiths (Crypt:3)
  A minotaur skeleton (Crypt:3)
  A bunyip simulacrum (Crypt:1)
  2 ice devils (D:10)
  A tormentor (Depths:4)
  2 tengu conjurers
  A red draconian skeleton (Crypt:2)
  An ancient zyme (Abyss:3)
  4 golden dragon simulacra (IceCv)
  4 guardian mummies (Crypt:3)
  A troll (Orc:2)
  A purple draconian skeleton (Crypt:3)
  A pale draconian skeleton (Crypt:3)
  An unseen horror skeleton (Crypt:1)
  The ghost of Sapher the Ruffian, a novice VSSh of Cheibriados (D:8)
  3 polar bears
  2 meliai
  6 hornets
  A troll (shapeshifter) (Zot:2)
  Grinder (D:4)
  6 tarantellas
  3 tyrant leeches
  A dream sheep (Lair:5)
  2 blink frogs (Lair:5)
  A radroach zombie (Crypt:2)
  18 slime creatures
  An ettin zombie (Crypt:3)
  A jumping spider (Spider:3)
  7 culicivoras
  2 air elementals
  8 spriggans
  4 yaks
  An ettin skeleton (Crypt:3)
  A tyrant leech zombie (Crypt:1)
  A water elemental (Elf:1)
  A shadow (D:12)
  3 dire elephant simulacra (Crypt:1)
  2 fire elementals
  An ushabti (Crypt:3)
  5 wraiths
  2 hogs (Spider:4)
  2 vampires
  2 golden eyes (Slime:4)
  2 basilisks (Lair:5)
  A neqoxec (Depths:4)
  A small abomination (Abyss:3)
  2 vampire mosquitoes (D:15)
  9 redbacks
  3 wargs
  6 swamp worms
  An acid dragon (D:8)
  4 water moccasins (Lair:5)
  A water nymph skeleton (Crypt:3)
  2 naga skeletons
  An entropy weaver zombie (Crypt:3)
  A fire bat skeleton (Crypt:2)
  14 orc warriors
  A swamp drake (shapeshifter) (Vaults:1)
  2 black bears (Lair:5)
  A boggart (Lair:5)
  7 centaurs
  8 wolves (Lair:5)
  A kobold brigand (D:6)
  A necrophage (Crypt:3)
  A gnoll sergeant (D:12)
  2 earth elementals
  4 killer bees (D:13)
  2 lindwurm simulacra (IceCv)
  A howler monkey (D:13)
  A hound (D:5)
  7 orc priests
  8 orc wizards
  2 nameless horrors (Elf:1)
  A naga zombie (Crypt:1)
  An adder (D:4)
  24 orcs
  An orc zombie (Crypt:2)
691 creatures vanquished.

Vanquished Creatures (others)
  A Killer Klown (Zot:5)
  An Orb Guardian (Zot:5)
  A tentacled monstrosity (Zot:2)
  129 eldritch tentacles
  A death cob (Zot:5)
  A draconian knight (Zot:2)
  A spark wasp (Depths:4)
  A juggernaut simulacrum (Depths:3)
  A goliath frog (Swamp:4)
  A freezing wraith (Crypt:3)
  6 bloated husks
  An air elemental (Elf:1)
  3 humans (Spider:4)
  20 foxfires
  3 tentacles (Abyss:3)
171 creatures vanquished.

Grand Total: 2364 creatures vanquished

Notes
Turn   | Place    | Note
-------+----------+-------------------------------------------
     0 | D:1      | Xenophilius the Spriggan Hedge Wizard began the quest for
                  | the Orb.
     0 | D:1      | Reached XP level 1. HP: 9/9 MP: 6/6
   340 | D:1      | Reached skill level 1 in Conjurations
   759 | D:1      | Found a faded altar of an unknown god.
   779 | D:1      | Prayed at the altar of an unknown god.
   779 | D:1      | Became a worshipper of Gozag Ym Sagoz the Greedy
   922 | D:1      | Reached skill level 1 in Fighting
   922 | D:1      | Reached XP level 2. HP: 14/14 MP: 0/8
   997 | D:1      | Learned a level 2 spell: Blink
  2167 | D:2      | Reached XP level 3. HP: 18/18 MP: 3/9
  4851 | D:2      | Learned a level 2 spell: Call Imp
  4911 | D:2      | Reached skill level 1 in Summonings
  5060 | D:3      | Got Kikubaaqudgha's Omnibus of Open Graves
  5201 | D:3      | Reached XP level 4. HP: 22/22 MP: 4/11
  5496 | D:3      | Found Nehun's Vocational Training.
  5851 | D:3      | Found a blossoming altar of Fedhas.
  6732 | D:4      | Found a snail-covered altar of Cheibriados.
  6888 | D:4      | Reached XP level 5. HP: 25/25 MP: 4/12
  7081 | D:4      | Noticed Ijyb
  7158 | D:4      | Learned a level 3 spell: Mephitic Cloud
  7327 | D:4      | Reached skill level 5 in Spellcasting
  7703 | D:4      | Reached skill level 1 in Poison Magic
  7832 | D:4      | Noticed Grinder
  7850 | D:4      | Reached skill level 1 in Air Magic
  7850 | D:4      | Reached XP level 6. HP: 28/30 MP: 0/14
  8030 | D:5      | Entered Level 5 of the Dungeon
  8536 | D:5      | Noticed Eustachio
  8856 | D:5      | Found a staircase to the Ecumenical Temple.
  9436 | D:4      | Found a runed translucent door.
  9437 | D:4      | Noticed Crazy Yiuf
  9598 | D:4      | Identified the +8 hammer "Nodut" {drain, Str+3 Dex+3}
  9636 | D:4      | Found a snail-covered altar of Cheibriados.
  9838 | D:4      | Killed Crazy Yiuf
 10105 | D:5      | Noticed a water moccasin
 10315 | D:5      | Killed a water moccasin
 10316 | D:5      | Reached XP level 7. HP: 33/33 MP: 3/15
 10880 | D:6      | You fall into a shaft and drop 1 floor!
 11392 | D:6      | Learned a level 2 spell: Passwall
 12516 | D:4      | Killed Ijyb
 12624 | D:5      | Killed Eustachio
 12625 | D:5      | Reached skill level 1 in Earth Magic
 12798 | D:6      | Reached XP level 8. HP: 32/37 MP: 12/18
 12960 | D:7      | Found a glowing silver altar of Zin.
 12975 | D:7      | Found a hazy altar of Hepliaklqana.
 12981 | D:7      | Found a radiant altar of Vehumet.
 13118 | D:6      | Reached skill level 5 in Stealth
 13373 | D:7      | Reached skill level 3 in Dodging
 13635 | D:6      | Reached skill level 4 in Dodging
 13708 | D:7      | Got the Folio of Cloudy Incineration
 13717 | D:7      | Learned a level 2 spell: Poisonous Vapours
 14568 | D:7      | Found a glowing silver altar of Zin.
 14569 | D:7      | Found a hazy altar of Hepliaklqana.
 14573 | D:7      | Found a radiant altar of Vehumet.
 14828 | D:8      | Reached skill level 5 in Poison Magic
 15002 | D:8      | Found a runed translucent gate.
 15002 | D:8      | Found a runed translucent gate.
 15002 | D:8      | Found a runed translucent gate.
 15004 | D:8      | Found an opulent altar of Gozag.
 15007 | D:8      | Noticed a cyclops
 15007 | D:8      | Noticed Sapher's ghost (novice VSSh)
 15123 | D:8      | Reached XP level 9. HP: 40/42 MP: 6/20
 15402 | D:8      | Found a staircase to the Lair.
 15932 | D:9      | Found a basalt altar of Yredelemnul.
 16012 | D:9      | Noticed a two-headed ogre
 16358 | D:9      | Reached skill level 5 in Dodging
 16366 | D:9      | Reached skill level 1 in Evocations
 16917 | D:9      | Killed a two-headed ogre
 16918 | D:9      | Reached skill level 6 in Dodging
 17059 | D:9      | Reached skill level 7 in Dodging
 17223 | D:9      | Found a white marble altar of Elyvilon.
 17224 | D:9      | Found a burning altar of Makhleb.
 17343 | D:9      | Found a broken altar of Ashenzari.
 17516 | D:9      | Noticed Maurice
 17718 | D:9      | Killed Maurice
 17719 | D:9      | Reached skill level 10 in Stealth
 17787 | D:10     | Entered Level 10 of the Dungeon
 17836 | D:10     | Reached skill level 8 in Dodging
 17898 | D:10     | Reached XP level 10. HP: 49/49 MP: 14/22
 18194 | D:10     | Found a runed translucent gate.
 18194 | D:10     | Found a runed translucent gate.
 18194 | D:10     | Found a runed translucent gate.
 18194 | D:10     | Noticed DEFE's ghost (novice DESh)
 18273 | D:10     | Identified the +1 hand axe "Xeptoabo" {speed, rPois rF+
                  | Dex-3}
 18570 | D:10     | Noticed a rust devil
 19298 | D:9      | Killed a rust devil
 19299 | D:9      | Reached skill level 5 in Air Magic
 19830 | D:10     | Reached skill level 9 in Dodging
 20211 | D:10     | Noticed a sun demon
 20769 | D:9      | Killed DEFE's ghost
 20952 | D:10     | Reached skill level 10 in Dodging
 21293 | D:10     | Reached skill level 5 in Evocations
 22073 | D:11     | Noticed a skeletal warrior
 22490 | D:11     | Noticed Gastronok
 22616 | D:11     | Killed Gastronok
 22617 | D:11     | Reached XP level 11. HP: 42/54 MP: 18/24
 22650 | D:11     | Reached skill level 5 in Fighting
 22650 | D:11     | Reached skill level 11 in Dodging
 22899 | D:11     | Noticed a two-headed ogre
 22933 | D:11     | Killed a two-headed ogre
 23157 | D:11     | Reached skill level 12 in Dodging
 23294 | D:11     | Noticed a two-headed ogre
 23718 | D:11     | Noticed an ogre mage
 23775 | D:11     | Killed an ogre mage
 24421 | D:11     | Killed a two-headed ogre
 24523 | D:11     | Reached skill level 13 in Dodging
 25176 | D:11     | Identified a scroll of acquirement
 25177 | D:11     | Acquired Zufegaxt's Papyrus of the Charmed Missiles
 25185 | D:11     | Learned a level 5 spell: Summon Mana Viper
 25299 | D:11     | Reached skill level 1 in Hexes
 25657 | D:11     | Noticed Harold
 25978 | D:11     | Noticed a skeletal warrior
 26511 | Lair:1   | Entered Level 1 of the Lair of Beasts
 26818 | Lair:1   | Reached XP level 12. HP: 53/61 MP: 15/25
 26920 | Lair:1   | Reached skill level 14 in Dodging
 26933 | Lair:1   | Reached skill level 5 in Hexes
 28625 | Lair:2   | Reached skill level 5 in Summonings
 28863 | Lair:2   | Noticed a boulder beetle
 28902 | Lair:2   | Reached skill level 10 in Hexes
 28918 | Lair:2   | Found a hole to the Spider Nest.
 29159 | Lair:2   | Killed a boulder beetle
 29206 | Lair:2   | Reached XP level 13. HP: 65/65 MP: 27/27
 29309 | Lair:2   | Found the +27 heavy crossbow "Sniper" {heavy, Acc+∞ SInv}
 29499 | Lair:2   | Reached skill level 10 in Spellcasting
 29735 | Lair:2   | Learned a level 5 spell: Silence
 30046 | Lair:3   | Found a staircase to the Swamp.
 31301 | D:4      | Found a snail-covered altar of Cheibriados.
 31351 | D:4      | Killed Grinder
 31562 | D:8      | Killed Sapher's ghost
 32619 | D:11     | Killed Harold
 34147 | Lair:5   | Entered Level 5 of the Lair of Beasts
 34218 | Lair:5   | Learned a level 3 spell: Ozocubu's Armour
 34636 | Lair:5   | Reached skill level 1 in Ice Magic
 35081 | Lair:5   | Reached XP level 14. HP: 70/70 MP: 23/30
 36325 | Lair:5   | Found a runed translucent door.
 36326 | Lair:5   | Found a viscous altar of Jiyva.
 36330 | Lair:5   | Found a staircase to the Slime Pits.
 37209 | D:12     | Found a staircase to the Orcish Mines.
 37788 | D:12     | Found Dytt's Book Boutique.
 38303 | Orc:1    | Entered Level 1 of the Orcish Mines
 38621 | Orc:1    | Found Lifenon's Antique Armour Boutique.
 38657 | Orc:1    | Noticed an orc warlord
 38717 | Orc:1    | Reached skill level 1 in Shields
 38849 | Orc:1    | Killed an orc warlord
 39097 | Orc:1    | Reached skill level 5 in Ice Magic
 39344 | Orc:1    | Found Wekk's Weapon Shoppe.
 39508 | Orc:1    | Found Osyarchor's Jewellery Boutique.
 39515 | Orc:1    | Bought the ring "Wocvi" {Wiz rF+ Dex-3 Stlth+} for 607 gold
                  | pieces
 39645 | Orc:1    | Found Deleack's Assorted Antiques.
 39653 | Orc:1    | Bought a fuming brown potion for 20 gold pieces
 39653 | Orc:1    | Bought a scroll of identify for 46 gold pieces
 39807 | Orc:2    | Entered Level 2 of the Orcish Mines
 39807 | Orc:2    | Found a staircase to the Elven Halls.
 41652 | Orc:2    | Found Motygoinn's General Store.
 41652 | Orc:2    | Found Mosoidiu's Assorted Antiques.
 41654 | Orc:2    | Found Buext's Book Shoppe.
 41656 | Orc:2    | Found Onuen's Distillery.
 41660 | Orc:2    | Bought a scroll of amnesia for 56 gold pieces
 41660 | Orc:2    | Bought a potion of ambrosia for 112 gold pieces
 41660 | Orc:2    | Bought a scroll of immolation for 56 gold pieces
 41662 | Orc:2    | Bought a potion of haste for 100 gold pieces
 41662 | Orc:2    | Bought a potion of brilliance for 40 gold pieces
 41662 | Orc:2    | Bought a potion of degeneration for 10 gold pieces
 41666 | Orc:2    | Bought a scroll of identify for 56 gold pieces
 41780 | Orc:2    | Learned a level 6 spell: Dispersal
 42665 | D:13     | Learned a level 4 spell: Passage of Golubria
 43000 | D:13     | Identified the ring of the Equinox {rPois rF+ Str+6 Int+3}
 43233 | D:13     | Found a gate to the Vaults.
 43251 | D:13     | Reached skill level 5 in Shields
 43610 | D:3      | Bought a manual of Evocations for 800 gold pieces
 43946 | D:14     | Reached XP level 15. HP: 43/73 MP: 25/33
 44117 | D:14     | Reached skill level 5 in Translocations
 45855 | D:15     | Entered Level 15 of the Dungeon
 46335 | D:15     | Reached skill level 10 in Evocations
 47192 | Orc:2    | Bought the Handbook of the Vexing Pyromaniac for 624 gold
                  | pieces
 47196 | Orc:2    | Learned a level 3 spell: Confusing Touch
 47387 | D:15     | Found a staircase to the Depths.
 47622 | D:15     | Reached skill level 1 in Short Blades
 47720 | D:15     | Noticed Nessos
 47835 | D:15     | Reached skill level 10 in Translocations
 48028 | D:15     | Identified the +6 chain mail of Noxious Fun {rCorr}
 48039 | D:15     | Nessos changed into Nessos the glowing orange brain
 48039 | D:15     | Noticed Nessos
 48045 | D:15     | Killed Nessos the glowing orange brain
 48753 | D:11     | Reached skill level 5 in Short Blades
 50001 | Spider:1 | Entered Level 1 of the Spider Nest
 52622 | Spider:2 | Reached XP level 16. HP: 79/79 MP: 8/34
 53198 | Spider:2 | Identified the +7 morningstar of Corporal Punishment
                  | {freeze, rPois rC+ rN+ rCorr}
 53855 | Spider:3 | Found a frozen archway.
 54068 | IceCv    | Entered an ice cave
 55199 | IceCv    | Reached skill level 15 in Dodging
 55648 | IceCv    | Noticed a golden dragon
 56344 | IceCv    | Identified the ring of the Sturgeon {Will+ rCorr Str+3
                  | Dex+2}
 58020 | Spider:3 | Reached skill level 16 in Dodging
 59107 | Spider:4 | Entered Level 4 of the Spider Nest
 59113 | Spider:4 | Noticed Donald
 59211 | Spider:3 | Killed Donald
 60044 | Spider:4 | Noticed Nikola
 60623 | Swamp:1  | Entered Level 1 of the Swamp
 62287 | Swamp:1  | Found a basalt altar of Yredelemnul.
 62302 | Swamp:1  | Identified the +7 falchion of Abrat {protect, rC- rN++}
 62519 | Swamp:1  | Reached skill level 15 in Stealth
 62865 | Spider:2 | Learned a level 5 spell: Freezing Cloud
 63386 | Swamp:1  | Reached XP level 17. HP: 74/85 MP: 28/35
 66742 | Swamp:3  | Noticed Mara
 66831 | Swamp:2  | Reached skill level 1 in Shapeshifting
 67172 | Swamp:4  | Entered Level 4 of the Swamp
 68103 | Swamp:3  | Noticed Xenophilius's illusion
 68402 | Swamp:3  | Noticed Xenophilius's illusion
 68553 | Swamp:3  | Noticed Xenophilius's illusion
 68693 | Swamp:3  | Killed Mara
 68694 | Swamp:3  | Reached skill level 10 in Ice Magic
 69576 | Swamp:4  | Reached skill level 5 in Shapeshifting
 71017 | Swamp:4  | Got a decaying rune of Zot
 72165 | Spider:4 | Reached XP level 18. HP: 81/90 MP: 17/36
 72541 | Spider:4 | Noticed Arachne
 72702 | Spider:4 | Noticed Kirke
 72724 | Spider:3 | Killed Kirke
 73086 | Spider:4 | Reached skill level 5 in Conjurations
 73521 | Spider:4 | Killed Arachne
 74760 | Spider:4 | Killed Nikola
 75406 | Spider:4 | Got a gossamer rune of Zot
 75662 | Elf:1    | Entered Level 1 of the Elven Halls
 75685 | Elf:1    | Identified the ring "Ugguqie" {rPois Str+5 Dex+6}
 76073 | Elf:1    | Paralysed by an air elemental for 1 turns
 76648 | Elf:1    | Paralysed by an air elemental for 1 turns
 76662 | Elf:1    | Paralysed by an air elemental for 1 turns
 77957 | Elf:1    | Found Atsyan's Assorted Antiques.
 78030 | Elf:1    | Reached skill level 10 in Fighting
 78591 | Elf:2    | Found a shimmering blue altar of Sif Muna.
 79383 | Orc:2    | Bought a book of Blasting for 364 gold pieces
 79522 | D:13     | Learned a level 4 spell: Iskenderun's Mystic Blast
 79936 | Elf:2    | Reached skill level 17 in Dodging
 81764 | Elf:2    | Found a runed translucent gate.
 81764 | Elf:2    | Found a runed translucent gate.
 81764 | Elf:2    | Found a runed translucent gate.
 81971 | Elf:3    | Entered Level 3 of the Elven Halls
 82103 | Elf:3    | Found Husch's Antique Weapon Boutique.
 82123 | Elf:3    | Bought an iridescent dagger for 273 gold pieces
 82123 | Elf:3    | Identified the +5 dagger of Iwabbad {freeze, rElec rN++
                  | Will+ Dex-3} (You bought it in a shop on level 3 of the
                  | Elven Halls)
 82304 | Elf:3    | Reached XP level 19. HP: 100/100 MP: 22/37
 84485 | Elf:3    | Identified the +10 long sword of Vawyapuu {venom, rN+}
 85119 | Elf:3    | Identified the ring of the Will of the Gods {Dex+6 SInv}
 85499 | Elf:3    | Identified the +8 war axe "Ybaas" {freeze, rElec rN+++
                  | Int-2 Dex+3}
 86327 | Elf:3    | Identified the +0 chain mail of the Arcane {rPois rC+++
                  | Str+3 Int-3}
 86656 | Elf:3    | Identified the +3 mace of Tartarus {protect, rElec rN+
                  | Str-2}
 86911 | Elf:3    | Identified the +0 great sword "Kekeexin" {flame, rPois
                  | Will+ Dex+2 Stlth+}
 87158 | Elf:3    | Reached skill level 18 in Dodging
 88420 | Vaults:1 | Entered Level 1 of the Vaults
 90134 | Vaults:1 | Identified the +8 chain mail "Nakhoremn" {Will+ Int+2}
 90463 | Vaults:1 | Found Ziciab's Assorted Antiques.
 90629 | Vaults:1 | Found a portal to a secret trove of treasure.
 90897 | Vaults:1 | Reached skill level 19 in Dodging
 91511 | Elf:1    | Bought an embroidered scarf for 240 gold pieces
 91790 | Vaults:1 | Reached XP level 20. HP: 106/107 MP: 29/38
 92681 | Vaults:2 | Reached skill level 20 in Dodging
 92691 | Vaults:2 | Reached skill level 1 in Long Blades
 93903 | Vaults:2 | Got the Folio of the Hills
 93907 | Vaults:2 | Got the Notes on Infection and the Flock
 94019 | Vaults:3 | Reached skill level 5 in Long Blades
 94385 | Vaults:3 | Found a staircase to the Crypt.
 96272 | Vaults:4 | Noticed Margery
 96303 | Vaults:3 | Killed Margery
 96983 | Vaults:4 | Reached skill level 10 in Long Blades
 97044 | Vaults:4 | Got the Discursus on the Geometric Body
 97479 | Vaults:4 | Reached XP level 21. HP: 111/111 MP: 24/39
 97487 | Vaults:4 | Learned a level 7 spell: Malign Gateway
 98074 | Vaults:4 | Identified the +7 great mace "Qaotejor" {vamp, Fly rPois
                  | Will+}
 98335 | Vaults:4 | Got Sif Muna's Spellbook of the Cemetery and the Oath
 98414 | Vaults:5 | Entered Level 5 of the Vaults
 98729 | Depths:1 | Entered Level 1 of the Depths
 98812 | Depths:1 | Found a gateway to Hell.
 99019 | Depths:1 | Found a shimmering altar of Xom.
 99823 | Depths:1 | Reached skill level 15 in Translocations
 99985 | Depths:1 | Found a one-way gate to the infinite horrors of the Abyss.
100818 | Depths:2 | Found a one-way gate leading to the halls of Pandemonium.
100913 | Depths:2 | Identified the +1 plate armour "Nunaoh" {Harm Rampage rF+
                  | Int+3}
100969 | Depths:2 | Found Fanos's Distillery.
100969 | Depths:2 | Found Xaptopponau's Antique Armour Shop.
100970 | Depths:2 | Found Ohivvucs's Weapon Boutique.
100972 | Depths:2 | Found Imuaxt's Distillery.
102464 | Depths:2 | Identified the +5 plate armour "Yzeingov" {Drain Dex+7}
102472 | Depths:2 | Bought the +3 troll leather armour of the Akabeko {Regen+
                  | Dex+4} for 590 gold pieces
102566 | Depths:2 | Reached skill level 1 in Armour
102941 | Depths:3 | Found a runed translucent door.
104357 | Depths:3 | Found a runed translucent door.
104364 | Depths:3 | Noticed Boysiah's ghost (adept DECA)
104364 | Depths:3 | Noticed a dread lich
104511 | Depths:3 | Reached XP level 22. HP: 113/114 MP: 38/41
104552 | Depths:3 | Killed Boysiah's ghost
104751 | Depths:3 | Found a one-way gateway to a ziggurat.
104902 | Depths:3 | Killed a dread lich
105083 | Depths:3 | Found a runed translucent door.
105089 | Depths:3 | Found the macabre finger necklace {Finger+ rN+}
105095 | Depths:3 | Noticed a golden dragon
106337 | Depths:3 | Acquired the scarf "Pufyra Uceg" {rC+ rF+, Drain rN++ rCorr
                  | Stlth-}
106384 | Depths:3 | Identified the +1 morningstar of the Final Interlopers
                  | {holy, +Blink rCorr Int+5 Dex-3}
107072 | Slime:1  | Entered Level 1 of the Pits of Slime
107090 | Slime:1  | Reached skill level 15 in Spellcasting
107257 | Slime:3  | You fall into a shaft and drop 1 floor!
107404 | Slime:5  | Entered Level 5 of the Pits of Slime
107640 | Slime:5  | Found a viscous altar of Jiyva.
107640 | Slime:5  | Noticed the Royal Jelly
107718 | Slime:5  | Killed the Royal Jelly
109540 | Slime:5  | Got a slimy rune of Zot
109578 | Slime:5  | Identified the ring "Kowk" {rN++ Str+6 Dex+3}
109581 | Slime:5  | Identified the staff of the Thing {rPois rC+ rCorr MP+9
                  | Str+3 Poison}
109616 | Slime:5  | Identified the +8 longbow "Huisuhos" {heavy, rPois rN+}
109620 | Slime:5  | Identified the staff "Mopuwnoi" {+Blink Fly rPois rF+ Int+3
                  | Fire}
110410 | Abyss:3  | Cast into level 3 of the Abyss (eldritch tentacle)
110413 | Abyss:3  | Learned a level 1 spell: Apportation
110510 | Abyss:3  | Got an abyssal rune of Zot
110527 | Vaults:3 | Escaped the Abyss
110673 | Crypt:1  | Entered Level 1 of the Crypt
111361 | Crypt:1  | Reached skill level 10 in Summonings
111389 | Crypt:1  | Identified the +4 longbow of Wuzidem {heavy, Int+3}
111578 | Crypt:1  | Identified the ring "Reerag" {Ice Will+}
111578 | Crypt:1  | Noticed Josephina
111601 | Crypt:1  | Killed Josephina
111961 | Crypt:1  | Learned a level 8 spell: Disjunction
112014 | Vaults:3 | Learned a level 4 spell: Cause Fear
112089 | Crypt:2  | Reached XP level 23. HP: 116/119 MP: 45/45
112272 | Crypt:2  | Noticed a royal mummy
112587 | Crypt:2  | Noticed Khufu
112591 | Crypt:2  | Noticed a royal mummy
112623 | Crypt:2  | Killed Khufu
112625 | Crypt:2  | Killed a royal mummy
112627 | Crypt:2  | Killed a royal mummy
113082 | Crypt:2  | Noticed Bai Suzhen
113154 | Crypt:2  | Found a transporter.
113274 | Crypt:2  | Killed Bai Suzhen
113403 | Crypt:2  | Identified the +4 scale mail of Foolhardiness {-Tele *Slow
                  | rElec Int+7}
113450 | Crypt:2  | Noticed Frederick
113462 | Crypt:2  | Killed Frederick
113609 | Crypt:2  | Found a transporter.
113630 | Crypt:3  | Entered Level 3 of the Crypt
114788 | Crypt:3  | Noticed a curse toe
114801 | Crypt:3  | Killed a curse toe
114934 | Crypt:3  | Found an ancient bone altar of Kikubaaqudgha.
114937 | Crypt:3  | Found a basalt altar of Yredelemnul.
114949 | Crypt:3  | Found the +7 sceptre of Torment {pain, torment}
115293 | Crypt:3  | Found a staircase to the Tomb.
115298 | Crypt:3  | Reached skill level 21 in Dodging
115837 | Depths:4 | Entered Level 4 of the Depths
116761 | Depths:4 | Found a gate to the Realm of Zot.
116875 | Depths:4 | Reached XP level 24. HP: 126/126 MP: 34/46
116926 | Depths:4 | Reached skill level 5 in Armour
117661 | Depths:4 | Found an opulent altar of Gozag.
118317 | Orc:2    | Bought a potion of haste for 100 gold pieces
118317 | Orc:2    | Bought a potion of heal wounds for 50 gold pieces
118317 | Orc:2    | Bought a potion of mutation for 80 gold pieces
118317 | Orc:2    | Bought a potion of resistance for 100 gold pieces
118317 | Orc:2    | Bought a potion of magic for 80 gold pieces
118319 | Orc:2    | Bought a potion of heal wounds for 70 gold pieces
118320 | Orc:2    | Bought a scroll of blinking for 210 gold pieces
118320 | Orc:2    | Bought a wand of iceblast (3) for 201 gold pieces
118320 | Orc:2    | Bought a potion of might for 112 gold pieces
118320 | Orc:2    | Bought a potion of brilliance for 112 gold pieces
118320 | Orc:2    | Bought a potion of haste for 280 gold pieces
118320 | Orc:2    | Bought 2 potions of curing for 168 gold pieces
118745 | Depths:2 | Bought a scroll of teleportation for 60 gold pieces
118745 | Depths:2 | Bought a scroll of poison for 80 gold pieces
118745 | Depths:2 | Bought a scroll of teleportation for 60 gold pieces
118745 | Depths:2 | Bought a scroll of fear for 80 gold pieces
118745 | Depths:2 | Bought a scroll of vulnerability for 80 gold pieces
119963 | Orc:1    | Bought a scroll of blinking for 172 gold pieces
119963 | Orc:1    | Bought a potion of cancellation for 184 gold pieces
120072 | Elf:1    | Bought a potion of cancellation for 240 gold pieces
120072 | Elf:1    | Bought a potion of curing for 90 gold pieces
120072 | Elf:1    | Bought a potion of mutation for 240 gold pieces
120072 | Elf:1    | Bought a scroll of vulnerability for 120 gold pieces
122405 | Depths:2 | Bought a potion of heal wounds for 75 gold pieces
122405 | Depths:2 | Bought a potion of brilliance for 60 gold pieces
122405 | Depths:2 | Bought a potion of curing for 45 gold pieces
122405 | Depths:2 | Bought a potion of mutation for 120 gold pieces
122408 | Depths:2 | Bought a potion of mutation for 144 gold pieces
122408 | Depths:2 | Bought a potion of cancellation for 144 gold pieces
122408 | Depths:2 | Bought a potion of heal wounds for 90 gold pieces
122408 | Depths:2 | Bought a potion of heal wounds for 90 gold pieces
122408 | Depths:2 | Bought a potion of cancellation for 144 gold pieces
122408 | Depths:2 | Bought a potion of haste for 180 gold pieces
122408 | Depths:2 | Bought a potion of might for 72 gold pieces
122408 | Depths:2 | Gained mutation: You possess an exceptional clarity of
                  | mind. [potion of mutation]
122408 | Depths:2 | Gained mutation: You have sharp toenails. [potion of
                  | mutation]
122408 | Depths:2 | Gained mutation: Your flesh is cold resistant. (rC+)
                  | [potion of mutation]
122511 | Zot:1    | Entered Level 1 of the Realm of Zot
122994 | Zot:1    | Identified the +2 cloak of Het Wuf {rF+ rN+ Int+2}
122995 | Zot:1    | Noticed Ge0ff's ghost (legendary DEWr)
123005 | Zot:1    | Found a bloodstained altar of Trog.
123005 | Zot:1    | Identified the +1 cloak "Famp" {Harm MP+9 Str+2}
123019 | Zot:1    | Found a transporter.
123022 | Zot:1    | Found a transporter.
123178 | Zot:1    | Noticed an orb of fire
123235 | Zot:1    | Killed an orb of fire
123887 | Zot:2    | Found the +4 dragonskin cloak
123887 | Zot:2    | Noticed Tiamat
124045 | Zot:2    | Noticed Grunn
124049 | Zot:2    | Killed Grunn
124398 | Zot:2    | You fall into a shaft and drop 1 floor!
124930 | Zot:3    | Noticed a Killer Klown
124935 | Zot:3    | Killed a Killer Klown
125077 | Zot:3    | Reached skill level 22 in Dodging
126668 | Zot:2    | Reached XP level 25. HP: 95/133 MP: 11/47
127058 | Zot:2    | Killed Tiamat
127443 | Zot:4    | Identified the +9 rapier of Massacring {flame, rPois rN+
                  | Str+3 Int+3}
127512 | Zot:4    | Reached skill level 23 in Dodging
127944 | Zot:4    | Noticed an ancient lich
127948 | Zot:4    | Found a transporter.
127949 | Zot:4    | Noticed a dread lich
127975 | Zot:4    | Found a transporter.
127992 | Zot:4    | Noticed Armakuni's ghost (legendary HuAr)
128785 | Zot:5    | Entered Level 5 of the Realm of Zot
129172 | Zot:5    | Reached skill level 15 in Fighting
129577 | Zot:5    | Reached skill level 24 in Dodging
129694 | Zot:5    | Noticed an orb of fire
129695 | Zot:5    | Noticed an orb of fire
129700 | Zot:5    | Noticed a Killer Klown
129943 | Zot:5    | Noticed an ancient lich
129950 | Zot:5    | Killed a Killer Klown
129960 | Zot:5    | Banished an orb of fire
129983 | Zot:5    | Noticed an ancient lich
129991 | Zot:5    | Killed an ancient lich
129994 | Zot:5    | Killed an ancient lich
130101 | Zot:5    | Killed an orb of fire
130422 | Zot:5    | Noticed a dread lich
130428 | Zot:5    | Killed a dread lich
130547 | Zot:5    | Noticed an ancient lich
130712 | Zot:5    | Killed an ancient lich
130723 | Zot:5    | Noticed an ancient lich
130738 | Zot:5    | Killed an ancient lich
130760 | Zot:5    | Reached skill level 25 in Dodging
130854 | Zot:5    | Noticed an ancient lich
130857 | Zot:5    | Killed an ancient lich
130921 | Zot:5    | Noticed a Killer Klown
130951 | Zot:5    | Noticed a Killer Klown
130960 | Zot:5    | Noticed an ancient lich
130962 | Zot:5    | Noticed an ancient lich
130994 | Zot:5    | Killed an ancient lich
131001 | Zot:5    | Killed a Killer Klown
131005 | Zot:5    | Killed a Killer Klown
131005 | Zot:5    | Killed a Killer Klown
131006 | Zot:5    | Killed an ancient lich
132022 | Zot:5    | Got the Orb of Zot
132304 | D:14     | Reached XP level 26. HP: 144/144 MP: 39/47
132567 | D:$      | Escaped with the Orb!

Illustrated notes

Levels and vault maps discovered:
D:1:      beargit_arrival_diablo_church, layout_loops_ring,
          ebering_ecumenical_altar_petrified,
          hangedman_abyss_or_decor_lesser_grid, minmay_door_square,
          serial_bayou_pond_e, minmay_misc_feat_tiny
D:2:      layout_loops_cross
D:3:      layout_rooms, fedhas_altar_4, roderic_serpentine_path,
          nicolae_shop_vocational
D:4:      layout_rooms, kennysheep_slug_shrine, st_stairs_11,
          chequers_mini_garden, uniq_ijyb, uniq_crazy_yiuf_cottage, uniq_grinder
D:5:      layout_basic, minmay_temple_entry_large_hall, uniq_eustachio
D:6:      layout_gridville
D:7:      layout_rooms, gammafunk_temple_overflow_forgotten
D:8:      layout_gridville, dpeg_oklobed_lair, ebering_ghost_gozag, minivault_4
D:9:      layout_loops_cross, nicolae_overflow_hidden_temple,
          mainiacjoe_overflow_alcove_2, uniq_maurice
D:10:     layout_long_grid, gammafunk_ghost_nasty_kobolds,
          nicolae_demonic_statue_gallery
D:11:     lemuel_castle_with_subvaults [lemuel_castle_interior_carwin_2],
          layout_stronghold, uniq_gastronok, uniq_harold
D:12:     layout_irregular_city, orc_0_dummy, serial_shops, shop,
          kennysheep_pointless_box, serial_park_tiny_pond
D:13:     layout_irregular_city, david_vaults_5, hive_lemuel
D:14:     layout_layer_cave, chequers_serial_rivers_large_b,
          serial_co_window_serial, co_window_paths_a, co_window_paths_a,
          co_window_cross_1, co_window_of_opportunity_a, co_window_paths_a,
          co_window_paths_b, co_window_paths_c, co_window_2corner,
          co_window_paths_c, co_window_broadway_b, co_window_2corner
D:15:     grunt_enter_depths_hoard, layout_stronghold,
          hangedman_abyss_or_decor_stabs, uniq_nessos
Lair:1:   layout_loops_ring, beast_lair_carwin_7, grunt_megastairs_2
Lair:2:   layout_small_grid, nicolae_spider_entry_non_spiders,
          eino_small_chamber_without_monster, grunt_megastairs_4
Lair:3:   layout_small_grid, skrybe_swamp_entry_bodies
Lair:4:   layout_concentric_octagons, st_stairs_6, dpeg_oklob_1
Lair:5:   minmay_lair_end_enchanted_forest, layout_misc_corridors,
          slime_entry_2, lemuel_fruit_tree
Swamp:1:  layout_falls_marsh, serial_swamp_ruin, evilmike_swamp_ruin_house_4,
          evilmike_swamp_ruin_rubble_1, evilmike_swamp_ruin_house_1,
          swamp_pool3, nicolae_swamp_treefoil, grunt_ruined_hall
Swamp:2:  nicolae_swamp_flooded_prison, layout_basic_swamp,
          nicolae_swamp_well_well_well
Swamp:3:  layout_basic_swamp, hangedman_swamp_ruin_hall, grunt_hermit_hut,
          uniq_mara
Swamp:4:  swamp, layout_basic_swamp, swamp_pool4
Spider:1: layout_spider_delve
Spider:2: layout_spider_delve
Spider:3: layout_cave_pods, portal_ice_cave_entry_ice_statue_two,
          hangedman_spider_tarantella_strand
Spider:4: hellmonk_spider_rune_bug_friends, uniq_donald, uniq_nikola,
          uniq_kirke, uniq_arachne
Slime:1:  layout_caves
Slime:2:  layout_caves
Slime:3:  layout_caves
Slime:4:  layout_caves, cheibrodos_slime_lost_civilization_6
Slime:5:  slime_pit_nicolae_block_by_block
Orc:1:    layout_diamond_mine, serial_shops, shop, shop, shop,
          nicolae_shop_real_fake_doors
Orc:2:    st_orc_rangers, layout_diamond_mine, basic_altar, minmay_orc_temple_b
Elf:1:    nicolae_elf_arrival_no_cutting_in_line, layout_gridlike, serial_shops,
          nicolae_shop_tiny_statue_garden, hangedman_elf_represent, drop_trap
Elf:2:    nicolae_elf_blades_splatter_lattice [nicolae_blade_bullseye],
          layout_rooms, basic_altar
Elf:3:    minmay_elf_hall_x, layout_geoelf_grid, serial_shops, shop,
          grunt_megastairs_1
Vaults:1: st_greater_box_5, v_misc_22, grunt_vaults_diagonal, v_pattern_1,
          hangedman_vaults_maws, nicolae_vaults_diamond_1, v_misc_15,
          vaults_dpeg_spiral, hangedman_vaults_nails, layout_vaults_omnigrid,
          serial_shops, shop_fountains, enter_trove_0
Vaults:2: nicolae_vaults_library_corner, v_misc_16, nicolae_vaults_shelves_hall,
          vaults_standard_mumra_lines, nicolae_vaults_asterisk,
          nicolae_vaults_specimen_jars, nicolae_vaults_tangram_2,
          nicolae_vaults_house_2, layout_vaults_chaotic_city
Vaults:3: nicolae_vaults_stepped_doors, nicolae_vaults_trapezoid_4,
          v_alt_pattern_6, nicolae_vaults_sightless_eye, vaults_mumra_hexcomb,
          minmay_crypt_entry_simple_round, nicolae_vaults_trapezoid_1,
          v_alt_pattern_6, ontoclasm_vaults_ring_small, v_rooms_5,
          nicolae_vaults_security_offices_3, layout_vaults_omnicross
Vaults:4: nicolae_vaults_angled_halls, vaults_dpeg_diagonal,
          nicolae_vaults_statue_guard, v_misc_12,
          nicolae_vaults_storage_closets_2, nicolae_vaults_house_2,
          hangedman_vaults_restitches, v_misc_14,
          nicolae_vaults_trapezoid_lopsided_3,
          nicolae_vaults_heart-shaped_vault, hangedman_vaults_slice,
          layout_vaults_maze, uniq_margery
Vaults:5
Crypt:1:  layout_regular_city, grunt_crypt_arrival_webbed, uniq_josephina
Crypt:2:  gammafunk_its_a_trap, layout_basic, uniq_khufu, uniq_bai_suzhen,
          uniq_frederick
Crypt:3:  lightli_unholy_cathedral, layout_chaotic_city,
          nicolae_tomb_entry_grand_gallery, ebering_dispersal_statue_hall
Depths:1: layout_honeycomb, abyss_entry_small_statue_room, hell_entry,
          minmay_misc_feat_ornament, minmay_misc_feat_secret_circle,
          xom_teletrap_fun
Depths:2: kennysheep_cluttered_fort, layout_basic, pan_entry, grunt_metal_band,
          reono_crystal_passage, minmay_shoptagon
Depths:3: minmay_box_of_statues, layout_cave_pools, enter_ziggurat_a,
          muffindrake_ghost_dual_entry, abyss_entry, minmay_crystal_room,
          hell_entry, minmay_crystal_box, infiniplex_staircase_split_hallway
Depths:4: grunt_zot_entry_hairpin, layout_gridville, hell_entry,
          grunt_gozag_breadcrumbs, rand_demon_pan_entry_3,
          nicolae_twisting_strands
Zot:1:    layout_basic, gammafunk_ghost_wrathful_warriors
Zot:2:    layout_onion_interference, uniq_tiamat, uniq_grunn
Zot:3:    layout_misc_corridors, st_stairs_5, grunt_megastairs_3
Zot:4:    layout_concentric_octagons, gammafunk_ghost_mausoleum, st_stairs_13,
          grunt_megastairs_5
Zot:5:    layout_twisted_circle, grunt_ministairs_6

Skill      XL: |  1  2  3  4  5  6  7  8  9 10 11 12 13 14 15 16 17 18 19 20 21 22 23 24 25 |
---------------+----------------------------------------------------------------------------+-----
Conjurations   | 1 2 3 4 5 |  5.0
Fighting       | 1 2 3 4 6 8 11 12 14 16 | 16.5
Stealth        | 4 6 10 13 15 18 19 20 | 20.1
Translocations | 2 4 13 14 19 21 23 24 | 24.0
Summonings     | 1 2 5 6 8 10 11 | 11.0
Spellcasting   | 5 6 7 8 9 11 13 14 17 18 19 | 19.0
Poison Magic   | 1 3 4 5 |  5.0
Air Magic      | 1 3 4 5 7 8 |  8.0
Transmutations | 3 |  3.0
Earth Magic    | 1 |  1.0
Dodging        | 4 8 10 13 14 16 17 19 20 21 22 25 | 25.7
Evocations     | 4 6 10 | 10.0
Hexes          | 3 10 11 13 | 13.0
Ice Magic      | 1 5 10 12 | 12.0
Shields        | 5 7 8 9 |  9.3
Short Blades   | 6 8 |  8.0
Shapeshifting  | 7 |  7.0
Long Blades    | 10 | 10.0
Armour         | 4 8 |  8.0

Action                     |  1- 3 |  4- 6 |  7- 9 | 10-12 | 13-15 | 16-18 | 19-21 | 22-24 | 25-27 || total
---------------------------+-------+-------+-------+-------+-------+-------+-------+-------+-------++-------
  Melee: Dagger            |    18 |    21 |    85 |    52 |   140 |   805 |   110 |    93 |    20 ||  1344
         Punch             |     1 |       |       |    13 |     4 |       |       |       |       ||    18
         Spear             |       |       |     1 |       |       |       |       |       |       ||     1
         Whip              |       |       |     1 |       |       |       |       |       |       ||     1
         Falchion          |       |       |       |    48 |    55 |    15 |       |       |       ||   118
         Mace              |       |       |       |   393 |   632 |    21 |       |       |       ||  1046
         Hand axe          |       |       |       |    21 |       |       |       |       |       ||    21
         Staff             |       |       |       |    16 |     2 |       |       |       |       ||    18
         Rapier            |       |       |       |       |       |    37 |   172 |       |       ||   209
         Quick blade       |       |       |       |       |       |       |  1593 |   179 |     2 ||  1774
         Katana            |       |       |       |       |       |       |   145 |   694 |   136 ||   975
         Kick              |       |       |       |       |       |       |       |    40 |    82 ||   122
  Throw: Dart              |       |       |       |       |     1 |     9 |       |       |       ||    10
   Cast: Magic Dart        |   205 |   203 |   156 |   216 |    46 |       |       |       |       ||   826
         Call Imp          |       |    30 |    23 |    27 |     4 |     6 |       |       |       ||    90
         Mephitic Cloud    |       |       |    21 |    19 |    12 |       |       |       |       ||    52
         Poisonous Vapours |       |       |    48 |   284 |   438 |   327 |    17 |       |       ||  1114
         Blink             |       |       |       |     4 |     3 |    12 |     4 |     1 |       ||    24
         Summon Mana Viper |       |       |       |     1 |   173 |   272 |   101 |   121 |    40 ||   708
         Passwall          |       |       |       |       |    36 |    16 |     8 |    25 |    19 ||   104
         Ozocubu's Armour  |       |       |       |       |     4 |     1 |     3 |    33 |    16 ||    57
         Passage of Golubr |       |       |       |       |     3 |    10 |       |       |       ||    13
         Confusing Touch   |       |       |       |       |    10 |   131 |   190 |    29 |     1 ||   361
         Dispersal         |       |       |       |       |       |     3 |     3 |       |       ||     6
         Freezing Cloud    |       |       |       |       |       |   144 |    96 |    49 |    10 ||   299
         Iskenderun's Myst |       |       |       |       |       |    13 |     5 |       |     2 ||    20
         Silence           |       |       |       |       |       |     3 |    24 |     1 |       ||    28
         Malign Gateway    |       |       |       |       |       |       |     1 |    94 |    37 ||   132
         Apportation       |       |       |       |       |       |       |       |     5 |     1 ||     6
         Disjunction       |       |       |       |       |       |       |       |    11 |     4 ||    15
         Cause Fear        |       |       |       |       |       |       |       |     2 |       ||     2
 Invoke: Potion Petition   |       |       |     1 |       |       |       |       |       |       ||     1
         Call Merchant     |       |       |       |       |       |       |     2 |       |       ||     2
Ability: Begin Untransform |       |       |       |       |       |     1 |       |       |       ||     1
  Evoke: Wand              |       |       |       |     2 |     5 |     7 |     1 |     6 |     4 ||    25
         Lightning rod     |       |       |       |       |       |     2 |       |     2 |       ||     4
         Phial of floods   |       |       |       |       |       |       |     1 |       |       ||     1
    Use: Scroll            |     3 |     3 |     6 |     6 |     8 |     6 |     2 |    17 |     3 ||    54
         Potion            |       |       |       |       |       |     1 |     2 |     4 |     1 ||     8
   Stab: Sleeping          |     1 |     4 |     6 |    13 |    44 |    31 |    61 |    53 |    17 ||   230
         Confused          |       |       |    17 |     6 |    12 |   111 |   291 |    35 |       ||   472
         Distracted        |       |       |       |     9 |     7 |     8 |    27 |    25 |     9 ||    85
 Armour: Robe              |    13 |    21 |    48 |   145 |   211 |   233 |   152 |       |       ||   823
         Skin              |       |       |    19 |       |       |       |       |       |       ||    19
         Troll leather arm |       |       |       |       |       |       |    35 |   208 |    38 ||   281
  Dodge: Dodged            |    24 |    43 |   126 |   761 |  1092 |   671 |   601 |   821 |   201 ||  4340
         Repelled          |       |       |       |       |       |       |     6 |     2 |       ||     8
  Block: Buckler           |       |       |       |       |   187 |   345 |   453 |   329 |    65 ||  1379
         Reflection        |       |       |       |       |       |    33 |    24 |       |       ||    57
   Form: Flux              |       |       |       |       |       |     1 |       |       |       ||     1

Table legend: (Time is in decaauts)
 A = Elapsed time spent in this place.
 B = Non-inter-level travel time spent in this place.
 C = Inter-level travel time spent in this place.
 D = Time resting spent in this place.
 E = Time spent auto-exploring this place.
 F = Levels seen in this place.
 G = Mean time per level.
                   A        B        C        D        E       F      G
               +--------+--------+--------+--------+--------+-----+--------+
         Total | 102790 |  91820 |  10970 |  40238 |  13504 |  57 | 1803.3 |
       Dungeon |  29756 |  25550 |   4206 |   9491 |   5660 |  15 | 1983.7 |
          Lair |   7676 |   7028 |    648 |   2021 |   1434 |   5 | 1535.2 |
         Swamp |   9269 |   8742 |    527 |   4737 |    539 |   4 | 2317.2 |
   Spider Nest |   9993 |   9076 |    917 |   5163 |    519 |   4 | 2498.2 |
    Slime Pits |   2139 |   2074 |     65 |    710 |    126 |   5 |  427.8 |
  Orcish Mines |   4015 |   3471 |    544 |   1840 |    495 |   2 | 2007.5 |
   Elven Halls |  10336 |   9723 |    613 |   6445 |    488 |   3 | 3445.3 |
        Vaults |   9096 |   7360 |   1736 |   3227 |   1391 |   5 | 1819.2 |
         Crypt |   3631 |   3274 |    357 |    670 |    700 |   3 | 1210.3 |
        Depths |   7650 |   6798 |    852 |   2852 |    697 |   4 | 1912.5 |
           Zot |   7140 |   6640 |    500 |   1935 |   1450 |   5 | 1428.0 |
         Abyss |     88 |     88 |      0 |      0 |      0 |   1 |   88.0 |
      Ice Cave |   1996 |   1996 |      0 |   1143 |      0 |   1 | 1996.0 |
               +--------+--------+--------+--------+--------+-----+--------+

Top non-repeatable levels by time:
   Elf:3: 5365 daAuts
    D:11: 4728 daAuts
Spider:4: 3476 daAuts
Vaults:1: 3434 daAuts
Spider:3: 3202 daAuts
Depths:3: 3148 daAuts
 Swamp:2: 2934 daAuts
   Elf:1: 2926 daAuts
    D:10: 2923 daAuts
     D:2: 2569 daAuts
 Swamp:1: 2562 daAuts
   Orc:2: 2539 daAuts
  Lair:5: 2408 daAuts
Vaults:3: 2407 daAuts
   Zot:5: 2324 daAuts
